[Event "ICC tourney 1941 (7 2)"]
[Site "Internet Chess Club"]
[Date "2020.07.31"]
[Round "1"]
[White "PappusChain923"]
[Black "IndianTerritory"]
[Result "1-0"]
[ICCResult "Black checkmated"]
[WhiteElo "1634"]
[BlackElo "1699"]
[Opening "QGD Slav: 4.Nc3"]
[ECO "D15"]
[NIC "SL.03"]
[Time "19:02:51"]
[TimeControl "420+2"]

1. d4 c6 2. c4 d5 3. Nc3 Nf6 4. Nf3 Bg4 5. Bg5 Nbd7 6. e3 e6 7. Be2 Be7 8.
O-O Bxf3 9. Bxf3 dxc4 10. a4 a6 11. Qe2 Nd5 12. Bxe7 Qxe7 13. Qxc4 O-O 14.
Rac1 Rfc8 15. Ne4 b5 16. Qc2 N7b6 17. axb5 cxb5 18. Nc5 Na4 19. b3 Nxc5 20.
dxc5 Rc7 21. Rfd1 Rd8 22. Bxd5 exd5 23. b4 g6 24. Qa2 Qe6 25. Ra1 Rc6 26.
Rd4 f5 27. Rad1 Rc7 28. Rxd5 Rxd5 29. Qxd5 Qxd5 30. Rxd5 Ra7 31. Kf1 a5 32.
c6 axb4 33. Rxb5 Ra1+ 34. Ke2 Rc1 35. Rb6 b3 36. Rb8+ Kg7 37. Rb7+ Kf6 38.
Rxb3 Rxc6 39. Rb7 h6 40. Kf3 Re6 41. Rb4 g5 42. g3 h5 43. h4 g4+ 44. Kf4 Rc6
45. e4 fxe4 46. Kxe4 Rc2 47. Rb6+ Kg7 48. f3 gxf3 49. Kxf3 Rc3+ 50. Kf4 Rc4+
51. Kf5 Rg4 52. Rb3 Kf7 53. Rb7+ Kg8 54. Rb8+ Kg7 55. Rb3 Kf7 56. Rf3 Kg7
57. Ke6 Kg6 58. Rf6+ Kg7 59. Rf7+ Kg6 60. Rf6+ Kg7 61. Rf3 Rg6+ 62. Kf5 Rg4
63. Ra3 Kf7 64. Ra7+ Kg8 65. Ra5 Rxg3 66. Kf6 Rf3+ 67. Kg6 Rg3+ 68. Kxh5 Kg7
69. Ra7+ Kg8 70. Kh6 Rh3 71. h5 Rg3 72. Ra6 Rc3 73. Ra8+ Kf7 74. Kh7 Rh3 75.
h6 Rg3 76. Ra1 Rc3 77. Rf1+ Ke6 78. Kh8 Rh3 79. h7 Ke7 80. Kg7 Rg3+ 81. Kh6
Rh3+ 82. Kg6 Rg3+ 83. Kh6 Rh3+ 84. Kg7 Rg3+ 85. Kh8 Ke8 86. Rf5 Ke7 87. Ra5
Ke8 88. Ra8+ Kf7 89. Rg8 Rh3 90. Rg5 Kf6 91. Rg4 Kf7 92. Rf4+ Ke7 93. Kg7
Rg3+ 94. Kh6 Rh3+ 95. Kg6 Rg3+ 96. Kh5 Rh3+ 97. Rh4 Ra3 98. h8=Q Ra5+ 99.
Kg4 Ra4+ 100. Kg3 Ra3+ 101. Kf2 Ra2+ 102. Ke1 Ra3 103. Qe5+ Kd7 104. Rd4+
Kc6 105. Rd6+ Kb7 106. Qe7+ Ka8 107. Rd8# {Black checkmated} 1-0

[Event "ICC tourney 1941 (7 2)"]
[Site "Internet Chess Club"]
[Date "2020.07.31"]
[Round "1"]
[White "AVS"]
[Black "Bo002"]
[Result "1-0"]
[ICCResult "Black forfeits on time"]
[WhiteElo "1189"]
[BlackElo "1784"]
[Opening "Caro-Kann: exchange variation"]
[ECO "B13"]
[NIC "CK.02"]
[Time "19:03:03"]
[TimeControl "420+2"]

1. e4 c6 2. d4 d5 3. exd5 cxd5 4. Bd3 Nc6 5. c3 Qc7 6. Nf3 Bg4 7. Nbd2 e6 8.
Qb3 Bd6 9. h3 Bh5 10. O-O Nge7 11. Re1 O-O 12. Qc2 Bg6 13. Bxg6 Nxg6 14. Nf1
b5 15. a3 a5 16. Bd2 Qb6 17. Ne3 b4 18. axb4 axb4 19. Ng4 Rfc8 20. Qd3 Ra5
21. Rxa5 Nxa5 22. Nge5 Nxe5 23. Nxe5 Nc4 24. Nxc4 Rxc4 25. b3 Rc8 26. cxb4
Bxb4 27. Bxb4 Qxb4 28. Ra1 g6 29. Qe3 Qc3 30. Rb1 Qc2 31. Ra1 Qb2 32. Ra7
Qc1+ 33. Qxc1 Rxc1+ 34. Kh2 Rd1 35. Ra4 Rd3 36. Rb4 Kf8 37. f3 f6 38. Kg3 e5
39. dxe5 fxe5 40. Kf2 Rd2+ 41. Kg3 d4 42. Rb8+ Kg7 43. Rb7+ Kh6 44. b4 Rb2
45. b5 Kg5 46. h4+ Kh6 47. b6 Rb5 48. Rb8 Rd5 49. b7 Rb5 50. Kh3 d3 51. Rd8
Rxb7 52. Rxd3 Kg7 53. g4 Kf6 54. Kg3 Rb1 55. Re3 Rg1+ 56. Kf2 Rh1 57. Kg2
Rxh4 58. Kg3 Rh1 59. Kg2 Ra1 60. Kg3 Ra2 61. Kh4 Ke6 62. Kg5 Rh2 63. f4 Kf7
64. fxe5 Ke6 65. Kf4 Rf2+ 66. Kg3 Rd2 67. Kf4 Rd4+ 68. Kg5 Rd5 69. Kh6 Rd7
70. g5 Rf7 71. Re4 Kf5 72. Re2 Ke6 73. Re3 {Black forfeits on time} 1-0

[Event "ICC tourney 1941 (7 2)"]
[Site "Internet Chess Club"]
[Date "2020.07.31"]
[Round "2"]
[White "sahilmd"]
[Black "ganzy"]
[Result "1-0"]
[ICCResult "Black checkmated"]
[WhiteElo "2153"]
[BlackElo "1455"]
[Opening "Queen's pawn game"]
[ECO "E20"]
[NIC "QP.07"]
[Time "19:46:27"]
[TimeControl "420+2"]

1. d4 Nf6 2. c4 e6 3. Nc3 Be7 4. e4 O-O 5. Bd3 c5 6. d5 e5 7. Nge2 d6 8. O-O
Ne8 9. f4 f5 10. fxe5 dxe5 11. exf5 Nd6 12. Ng3 Bh4 13. Qh5 Bxg3 14. hxg3 b5
15. f6 e4 16. Nxe4 g6 17. Qh6 Ne8 18. Ng5 Nxf6 19. Nxh7 Bd7 20. Qxg6+ Kh8
21. Nxf6 Rxf6 22. Qh7# {Black checkmated} 1-0

[Event "ICC tourney 1941 (7 2)"]
[Site "Internet Chess Club"]
[Date "2020.07.31"]
[Round "2"]
[White "pyaru536"]
[Black "GGuseinov"]
[Result "0-1"]
[ICCResult "White checkmated"]
[WhiteElo "1363"]
[BlackElo "2995"]
[Opening "King's Indian: fianchetto, lesser Simagin (Spassky) variation"]
[ECO "E62"]
[NIC "KI.72"]
[Time "19:46:30"]
[TimeControl "420+2"]

1. d4 Nf6 2. c4 g6 3. g3 Bg7 4. Bg2 O-O 5. Nc3 d6 6. Nf3 Nc6 7. O-O Bf5 8.
d5 Na5 9. Nd2 c6 10. e4 Bg4 11. Qe1 cxd5 12. exd5 Rc8 13. h3 Bd7 14. Qe2 e6
15. Rb1 Re8 16. Qd1 Nxc4 17. Nxc4 Rxc4 18. dxe6 Bxe6 19. Bxb7 Bxh3 20. Re1
Rc7 21. Bg2 Bxg2 22. Kxg2 Rxe1 23. Qxe1 Re7 24. Qd1 d5 25. Bg5 d4 26. Bxf6
Bxf6 27. Ne2 Qd5+ 28. Kg1 Qxa2 29. Nf4 Kg7 30. Nd3 Qd5 31. Ra1 h5 32. Qd2 h4
33. Ra5 Qf3 34. gxh4 Bxh4 35. Ne5 Qe4 36. Nd3 Qg4+ 37. Kf1 Qf3 38. Ne5 Qh1+
39. Ke2 Qe4+ 40. Kd1 Rxe5 41. Rxe5 Qxe5 42. Qd3 Bxf2 43. Qe2 Qxe2+ 44. Kxe2
Be3 45. Kd3 Kf6 46. Kc4 g5 47. Kb5 g4 48. Ka6 d3 49. b4 d2 50. b5 d1=Q 51.
b6 Qd3+ 52. Kb7 Bxb6 53. Ka8 Qd7 54. Kb8 Qc7+ 55. Ka8 Qc8# {White
checkmated} 0-1

[Event "ICC tourney 1941 (7 2)"]
[Site "Internet Chess Club"]
[Date "2020.07.31"]
[Round "2"]
[White "Redbaron"]
[Black "DejaVu"]
[Result "0-1"]
[ICCResult "White resigns"]
[WhiteElo "2370"]
[BlackElo "1334"]
[Opening "Scotch: Potter variation"]
[ECO "C45"]
[NIC "SO.05"]
[Time "19:46:32"]
[TimeControl "420+2"]

1. e4 e5 2. Nf3 Nc6 3. d4 exd4 4. Nxd4 Bc5 5. Nb3 Bb6 6. Nc3 Qf6 7. Qf3 Qxf3
8. gxf3 Nge7 9. Be3 O-O 10. O-O-O d6 11. Rg1 Kh8 12. a3 Be6 13. Bxb6 axb6
14. Nb5 Rfc8 15. N3d4 Ng6 16. c3 Nf4 17. Nxe6 fxe6 18. h4 Ne5 19. Rg3 Kg8
20. Kc2 Kf7 21. Nd4 g6 22. Ne2 Nh5 23. Rh3 Rf8 24. f4 Ng4 25. Rf3 Ke7 26.
Bh3 Ne5 27. fxe5 Rxf3 28. exd6+ cxd6 29. Nd4 Rxh3 {White resigns} 0-1

[Event "ICC tourney 1941 (7 2)"]
[Site "Internet Chess Club"]
[Date "2020.07.31"]
[Round "2"]
[White "IndianTerritory"]
[Black "tallike"]
[Result "1-0"]
[ICCResult "Black resigns"]
[WhiteElo "1704"]
[BlackElo "1402"]
[Opening "Robatsch defense"]
[ECO "B06"]
[NIC "KF.05"]
[Time "19:46:33"]
[TimeControl "420+2"]

1. e4 g6 2. d4 Bg7 3. Nc3 c5 4. dxc5 Bxc3+ 5. bxc3 Qa5 6. Qd4 Nf6 7. Bb2 Nc6
8. Qe3 O-O 9. f4 d5 10. cxd6 exd6 11. Nf3 Re8 12. Nd2 Ng4 13. Qg3 f5 14.
O-O-O fxe4 15. Nc4 Qc5 16. Nxd6 Re7 17. Nxc8 Rxc8 18. Qxg4 Nb4 19. Kb1 Na6
20. Rd5 Qxd5 21. Qxc8+ Kf7 22. Bc4 Qxc4 23. Qxc4+ Ke8 24. Re1 e3 25. Qg8+
Kd7 26. Qd5+ Kc7 27. Ba3 Re8 28. Qd6+ Kc8 29. Qe5 Rxe5 30. fxe5 Kd7 31. Rxe3
Ke6 32. Rh3 h5 33. Rg3 Kf5 34. e6 Kxe6 35. Rxg6+ Kf5 36. Rh6 Kf4 37. Rxh5
Ke3 38. Rh7 Kf2 39. Rxb7 Kxg2 40. Rxa7 {Black resigns} 1-0

[Event "ICC tourney 1941 (7 2)"]
[Site "Internet Chess Club"]
[Date "2020.07.31"]
[Round "2"]
[White "Goran21"]
[Black "Samuel-Colt"]
[Result "1-0"]
[ICCResult "Black resigns"]
[WhiteElo "1804"]
[BlackElo "1454"]
[Opening "French defense"]
[ECO "C11"]
[NIC "FR.04"]
[Time "19:46:42"]
[TimeControl "420+2"]

1. e4 e6 2. d4 d5 3. Nc3 Nf6 4. exd5 exd5 5. Bd3 c5 6. dxc5 Bxc5 7. Nf3 O-O
8. O-O Bg4 9. h3 Bh5 10. Bg5 Qd6 11. Bxf6 gxf6 12. Nxd5 Kh8 13. c4 Rg8 14.
Be2 Bxf3 15. Bxf3 Nc6 16. a3 a5 17. Nc3 Qf4 18. Nd5 Qh4 19. Kh1 Ne5 20. b4
Bxf2 21. Nxf6 Rg6 22. Ne4 Bb6 23. c5 Bc7 24. Qe1 Nxf3 25. Rxf3 Qxe1+ 26.
Rxe1 axb4 27. axb4 Ra2 28. g3 Rb2 29. Rxf7 Bxg3 30. Nxg3 Rxg3 31. Re8+ Rg8
32. Rxg8+ Kxg8 33. Rxb7 {Black resigns} 1-0

[Event "ICC tourney 1941 (7 2)"]
[Site "Internet Chess Club"]
[Date "2020.07.31"]
[Round "2"]
[White "JohnnyHop98"]
[Black "rjc64uk"]
[Result "0-1"]
[ICCResult "White resigns"]
[WhiteElo "1641"]
[BlackElo "1906"]
[Opening "Trompowsky attack (Ruth, Opocenský opening)"]
[ECO "A45"]
[NIC "QP.07"]
[Time "19:46:26"]
[TimeControl "420+2"]

1. d4 Nf6 2. Bg5 e6 3. e4 c5 4. Bxf6 Qxf6 5. c3 cxd4 6. cxd4 Bb4+ 7. Nc3 O-O
8. Nf3 Nc6 9. a3 Bxc3+ 10. bxc3 e5 11. d5 Ne7 12. d6 Ng6 13. Qd5 Nf4 14. Qd2
b6 15. g3 Ng6 16. Bg2 Bb7 17. Nh4 Nxh4 18. gxh4 Qxh4 19. O-O-O f5 20. f3
fxe4 21. Bf1 exf3 22. Rg1 Rac8 23. h3 Qf6 24. Rg4 e4 25. Kb2 Rc5 26. Qe3
Rfc8 27. Rc1 Qxd6 28. Qg1 Qf6 29. Qe3 d5 {White resigns} 0-1

[Event "ICC tourney 1941 (7 2)"]
[Site "Internet Chess Club"]
[Date "2020.07.31"]
[Round "2"]
[White "jsl1996"]
[Black "londonkid"]
[Result "1-0"]
[ICCResult "Black resigns"]
[WhiteElo "1677"]
[BlackElo "1856"]
[Opening "Queen's Indian: Petrosian system"]
[ECO "E12"]
[NIC "QI.04"]
[Time "19:46:24"]
[TimeControl "420+2"]

1. d4 Nf6 2. c4 e6 3. Nf3 b6 4. a3 Bb7 5. Nc3 d5 6. cxd5 Nxd5 7. Qc2 Be7 8.
e4 Nxc3 9. bxc3 O-O 10. Bd3 c5 11. O-O Nd7 12. Rd1 Rc8 13. Qe2 cxd4 14. cxd4
Nf6 15. Bb2 Qc7 16. h3 Nh5 17. Qe3 Nf4 18. Rac1 Qb8 19. Bb1 Ba6 20. Rxc8
Rxc8 21. Ne5 Bg5 22. Kh1 Nd3 23. Qe2 Nxe5 24. Qxa6 Nc4 25. Bc1 Bh4 26. Bd3
Na5 27. Bf4 Qa8 28. Kg1 g6 29. d5 exd5 30. exd5 Rd8 31. Be4 Bf6 32. Bf3 Nb3
33. Bc7 Rd7 34. d6 Qe8 35. Bc6 Bd4 36. Bxd7 Qxd7 37. Qc4 Qf5 38. Qxb3 Qxf2+
39. Kh1 Be5 40. Qf3 Qc2 41. Bb8 {Black resigns} 1-0

[Event "ICC tourney 1941 (7 2)"]
[Site "Internet Chess Club"]
[Date "2020.07.31"]
[Round "2"]
[White "AVS"]
[Black "PappusChain923"]
[Result "0-1"]
[ICCResult "White forfeits on time"]
[WhiteElo "1193"]
[BlackElo "1626"]
[Opening "Sicilian: Grand Prix attack"]
[ECO "B23"]
[NIC "SI.44"]
[Time "19:46:27"]
[TimeControl "420+2"]

1. e4 c5 2. Nc3 Nc6 3. f4 g6 4. Nf3 Bg7 5. d3 d6 6. g3 e6 7. Bg2 Nge7 8. O-O
O-O 9. Qe1 a6 10. a3 Rb8 11. Kh1 b5 12. e5 Nf5 13. Ng5 Nfd4 14. Qf2 dxe5 15.
Bxc6 Nxc6 16. Qxc5 exf4 17. Bxf4 e5 18. Bd2 Bb7 19. Kg1 e4 20. Be3 exd3 21.
cxd3 Nd4 22. Nge4 Nb3 23. Qb4 Nxa1 24. Rxa1 Qxd3 25. Bc5 Bxc3 26. Nxc3 Qf3
27. Ne4 Bxe4 28. Qd2 Rfd8 {White forfeits on time} 0-1

[Event "ICC tourney 1941 (7 2)"]
[Site "Internet Chess Club"]
[Date "2020.07.31"]
[Round "2"]
[White "atippa"]
[Black "harkerchess"]
[Result "0-1"]
[ICCResult "White forfeits on time"]
[WhiteElo "1367"]
[BlackElo "1342"]
[Opening "English: Neo-Catalan"]
[ECO "A13"]
[NIC "RE.11"]
[Time "19:46:30"]
[TimeControl "420+2"]

1. Nf3 d5 2. c4 e6 3. g3 Nf6 4. Bg2 Bd6 5. O-O O-O 6. e3 c5 7. cxd5 exd5 8.
b3 Nc6 9. Bb2 Bg4 10. Na3 a6 11. Nc2 Ne5 12. d4 Nxf3+ 13. Bxf3 Bxf3 14. Qxf3
Ne4 15. Qd1 Rc8 16. Rc1 c4 17. bxc4 dxc4 18. Ne1 c3 19. Ba1 Nd2 20. Bxc3
Nxf1 21. Kxf1 Ba3 22. Rc2 Qd5 23. Kg1 Rc6 24. Qd3 Rfc8 25. e4 Qc4 26. Qd2
Qa4 {White forfeits on time} 0-1

[Event "ICC tourney 1941 (7 2)"]
[Site "Internet Chess Club"]
[Date "2020.07.31"]
[Round "2"]
[White "Kokoro"]
[Black "babysnake"]
[Result "0-1"]
[ICCResult "White resigns"]
[WhiteElo "1822"]
[BlackElo "2344"]
[Opening "English: symmetrical variation"]
[ECO "A30"]
[NIC "EO.35"]
[Time "19:47:18"]
[TimeControl "420+2"]

1. c4 c5 2. Nf3 g6 3. d4 cxd4 4. Nxd4 Bg7 5. Nc3 Nc6 6. Nc2 d6 7. e4 Bxc3+
8. bxc3 Nf6 9. f3 O-O 10. Bh6 Re8 11. Qd2 Be6 12. Ne3 Rc8 13. h4 Ne5 14. Qd4
Qc7 15. h5 Qc5 16. hxg6 fxg6 17. Rc1 Nxc4 18. Bxc4 Bxc4 19. Qd2 Bf7 20. Nd1
Qe5 21. Be3 Qb5 22. Bxa7 b6 23. Qe3 Rc6 24. Nf2 Qa6 25. Qh6 Qxa7 26. Ng4
Qxa2 27. Nxf6+ exf6 28. Qxh7+ Kf8 29. Qh4 Ke7 30. O-O Qc4 31. Rfd1 Qc5+ 32.
Rd4 Rec8 33. Rd1 Qxc3 34. e5 Qe3+ 35. Kh2 Qxe5+ 36. Kh1 Qh5 {White resigns}
0-1

[Event "ICC tourney 1941 (7 2)"]
[Site "Internet Chess Club"]
[Date "2020.07.31"]
[Round "2"]
[White "clair"]
[Black "LChessMaster"]
[Result "0-1"]
[ICCResult "White resigns"]
[WhiteElo "1266"]
[BlackElo "1507"]
[Opening "Queen's pawn: London system"]
[ECO "A45"]
[NIC "QP.07"]
[Time "19:46:24"]
[TimeControl "420+2"]

1. d4 Nf6 2. Bf4 d6 3. Nc3 Bf5 4. f3 Bg6 5. e4 e6 6. Qd2 Be7 7. g4 h5 8. g5
Nh7 9. O-O-O Bxg5 10. Bxg5 Qxg5 11. h4 Qxd2+ 12. Rxd2 c6 13. d5 exd5 14.
exd5 c5 15. Bb5+ Kd8 16. Nh3 a6 17. Bd3 Bxd3 18. Rxd3 Nd7 19. Ne4 Kc7 20.
Neg5 Nxg5 21. Nxg5 Rhf8 22. Re1 Ne5 23. Rdd1 b5 24. f4 Ng6 25. Re4 Kb6 26.
f5 Ne5 27. Rg1 g6 28. fxg6 fxg6 29. Ree1 Rf4 30. Ne6 Rxh4 31. Ref1 Ra4 32.
a3 b4 33. axb4 Ra1+ 34. Kd2 Rxf1 35. Rxf1 cxb4 36. Ke3 Rc8 37. Rf2 Ng4+ 38.
Kf3 Nxf2 39. Kxf2 Rxc2+ 40. Ke3 Rxb2 41. Nf8 h4 42. Nxg6 h3 43. Nf4 h2 44.
Nd3 Rb3 45. Ke4 h1=Q+ 46. Kd4 Qh4+ 47. Ke3 Qg3+ 48. Kd2 Qxd3+ {White
resigns} 0-1

[Event "ICC tourney 1941 (7 2)"]
[Site "Internet Chess Club"]
[Date "2020.07.31"]
[Round "2"]
[White "MasterZachary"]
[Black "AmyMGL"]
[Result "1-0"]
[ICCResult "Black forfeits on time"]
[WhiteElo "2203"]
[BlackElo "1522"]
[Opening "Sicilian: Kan, 5.Bd3"]
[ECO "B42"]
[NIC "SI.42"]
[Time "19:47:18"]
[TimeControl "420+2"]

1. e4 c5 2. Nf3 e6 3. d4 cxd4 4. Nxd4 a6 5. Bd3 Qc7 6. O-O Nf6 7. Nc3 Bd6 8.
h3 Nc6 9. Nb3 b5 10. f4 e5 11. f5 Bb7 12. Bg5 Ne7 13. Kh1 h6 14. Bxf6 gxf6
15. Bxb5 Bb4 16. Bd3 Bxc3 17. bxc3 Qxc3 18. Qh5 d5 19. Qf3 Kf8 20. Rab1 Bc6
21. Nc1 Rg8 22. Ne2 Qc5 23. Ng3 dxe4 24. Nxe4 Qd4 25. c3 Qa4 26. Qe3 Qxa2
27. Rf2 Qd5 28. Nxf6 {Black forfeits on time} 1-0

[Event "ICC tourney 1941 (7 2)"]
[Site "Internet Chess Club"]
[Date "2020.07.31"]
[Round "2"]
[White "closedforce"]
[Black "Joelpaulg"]
[Result "1-0"]
[ICCResult "Black resigns"]
[WhiteElo "1352"]
[BlackElo "1304"]
[Opening "King's Indian: orthodox variation"]
[ECO "E94"]
[NIC "KI.15"]
[Time "19:46:30"]
[TimeControl "420+2"]

1. d4 Nf6 2. c4 g6 3. Nc3 Bg7 4. e4 d6 5. Nf3 O-O 6. Be2 e5 7. O-O exd4 8.
Nxd4 Re8 9. f3 c6 10. Kh1 Nbd7 11. Bg5 h6 12. Bh4 g5 13. Bf2 Nc5 14. b4 Ne6
15. Rc1 Nf4 16. Qd2 N6h5 17. b5 Qd7 18. Rcd1 Be5 19. Nf5 Re6 20. bxc6 bxc6
21. Bd4 Bxd4 22. Qxd4 Bb7 23. Nxd6 Qc7 24. c5 Ng7 25. Bc4 Re7 26. Qf6 Nfe6
27. Qxh6 Nxc5 28. Qxg5 Ne6 29. Qg3 Rf8 30. Nf5 Qa5 31. Nxe7+ Kh8 32. Qh3+
{Black resigns}
1-0

[Event "ICC tourney 1941 (7 2)"]
[Site "Internet Chess Club"]
[Date "2020.07.31"]
[Round "2"]
[White "Bo002"]
[Black "Viking21"]
[Result "1-0"]
[ICCResult "Black resigns"]
[WhiteElo "1789"]
[BlackElo "1498"]
[Opening "Catalan: open, 5.Nf3"]
[ECO "E04"]
[NIC "CA.03"]
[Time "19:46:32"]
[TimeControl "420+2"]

1. d4 d5 2. Nf3 Nf6 3. c4 e6 4. g3 dxc4 5. Bg2 c5 6. O-O a6 7. Bg5 Be7 8.
dxc5 Qxd1 9. Rxd1 h6 10. Be3 Nd5 11. Bd4 O-O 12. Na3 Nd7 13. Nxc4 Nxc5 14.
Rac1 f6 15. Na5 b6 16. Nc6 Bd6 17. b4 Nb7 18. a3 a5 19. e4 Ne7 20. Bxb6 axb4
21. axb4 Nxc6 22. Rxc6 Bxb4 23. e5 f5 24. Nd4 Nd8 25. Rc4 Ba5 26. Bxd8 Bxd8
27. Bxa8 Ba6 28. Ra4 {Black resigns} 1-0

[Event "ICC tourney 1941 (7 2)"]
[Site "Internet Chess Club"]
[Date "2020.07.31"]
[Round "2"]
[White "FL2009"]
[Black "liguowh"]
[Result "1-0"]
[ICCResult "Black forfeits on time"]
[WhiteElo "1646"]
[BlackElo "1434"]
[Opening "Sicilian: Canal-Sokolsky (Nimzovich-Rossolimo, Moscow) attack"]
[ECO "B51"]
[NIC "SI.01"]
[Time "19:46:36"]
[TimeControl "420+2"]

1. e4 c5 2. Nf3 d6 3. Bb5+ Nd7 4. O-O a6 5. Bxd7+ Bxd7 6. Re1 Nf6 7. d4 cxd4
8. Nxd4 e6 9. c4 Rc8 10. b3 Be7 11. Bb2 O-O 12. Nc3 Qc7 13. Rc1 Rfd8 14. Qe2
Qa5 15. Red1 h6 16. Kh1 Rc7 17. h3 Rdc8 18. Qe1 Qc5 19. f4 Qh5 20. Qe2 Qh4
21. Qf3 Nh5 22. Nde2 Bc6 23. Kh2 f5 24. g3 fxe4 25. Nxe4 Nxg3 26. N2xg3
{Black forfeits on time}
1-0

[Event "ICC tourney 1941 (7 2)"]
[Site "Internet Chess Club"]
[Date "2020.07.31"]
[Round "2"]
[White "TjkTiger"]
[Black "vyomvidy"]
[Result "1-0"]
[ICCResult "Black checkmated"]
[WhiteElo "2084"]
[BlackElo "1783"]
[Opening "English: three knights system"]
[ECO "A27"]
[NIC "EO.21"]
[Time "19:46:30"]
[TimeControl "420+2"]

1. c4 e5 2. Nc3 Nc6 3. Nf3 g6 4. d4 exd4 5. Nxd4 Bg7 6. Nxc6 bxc6 7. g3 Ne7
8. Bg2 O-O 9. O-O Rb8 10. Qc2 d6 11. Rd1 Be6 12. b3 Qd7 13. Bb2 c5 14. Ne4
Bf5 15. Bxg7 Bxe4 16. Qc3 Bxg2 17. Bxf8 Rxf8 18. Kxg2 Nf5 19. e3 Qc6+ 20.
Kg1 Qf3 21. Qd2 Re8 22. Re1 Re4 23. Qd1 Nh4 24. gxh4 Rg4+ 25. Kf1 Qh3+ 26.
Ke2 Rg2 27. Rf1 Qxh4 28. Qd5 Qxh2 29. Qf3 Rg5 30. Rad1 Rf5 31. Qg3 Qh5+ 32.
f3 Rg5 33. Qf2 Qh3 34. Rh1 Qf5 35. e4 Qe5 36. Kd3 f5 37. Rde1 a5 38. f4
fxe4+ 39. Rxe4 Qf5 40. Qh4 Rh5 41. Qd8+ Kg7 42. Rxh5 Qxh5 43. Re7+ Kh6 44.
Qf8# {Black checkmated} 1-0

[Event "ICC tourney 1941 (7 2)"]
[Site "Internet Chess Club"]
[Date "2020.07.31"]
[Round "2"]
[White "BreatheChessAls"]
[Black "craigsholl66"]
[Result "1-0"]
[ICCResult "Black resigns"]
[WhiteElo "1815"]
[BlackElo "1464"]
[Opening "Queen's pawn: London system"]
[ECO "A45"]
[NIC "QP.07"]
[Time "19:46:30"]
[TimeControl "420+2"]

1. d4 Nf6 2. Bf4 d5 3. e3 e6 4. Nd2 Be7 5. h3 O-O 6. Ngf3 c5 7. c3 b6 8. Bd3
Bb7 9. O-O Nbd7 10. Ne5 Ne4 11. Nxe4 dxe4 12. Bc2 Nxe5 13. Bxe5 f6 14. Bh2
Bd6 15. Bb3 Bxh2+ 16. Kxh2 Qd6+ 17. g3 f5 18. dxc5 Qxc5 19. Bxe6+ Kh8 20.
Qd4 Qc6 21. Bb3 Rad8 22. Qe5 Rde8 23. Qf4 h6 24. h4 Qf6 25. Rad1 Rd8 26. Qc7
Ba6 27. Rfe1 Bd3 28. Qxa7 g5 29. h5 f4 30. Rd2 fxg3+ 31. fxg3 Qd6 32. Rg1
Rf3 33. Bd1 Rxe3 34. Rf2 Rf8 35. Rxf8+ Qxf8 36. Qxb6 Rf3 37. Bxf3 Qxf3 38.
Qxh6+ Kg8 39. Qxg5+ Kh8 40. Qh6+ Kg8 41. Qg6+ Kh8 42. h6 Qf8 43. Qg7+ Qxg7
44. hxg7+ Kxg7 45. Re1 {Black resigns} 1-0

[Event "ICC tourney 1941 (7 2)"]
[Site "Internet Chess Club"]
[Date "2020.07.31"]
[Round "2"]
[White "speedskater"]
[Black "JosephLevine"]
[Result "1-0"]
[ICCResult "Black checkmated"]
[WhiteElo "1815"]
[BlackElo "1642"]
[Opening "QGD semi-Slav"]
[ECO "D43"]
[NIC "QO.16"]
[Time "19:46:24"]
[TimeControl "420+2"]

1. d4 d5 2. c4 e6 3. Nc3 Nf6 4. Nf3 c6 5. Bg5 Nbd7 6. cxd5 exd5 7. e3 Bd6 8.
Bd3 O-O 9. Qc2 h6 10. Bh4 Re8 11. O-O-O b5 12. Kb1 Nb6 13. Bg3 Bxg3 14. hxg3
Bd7 15. b3 Rc8 16. Ne2 Ne4 17. Bxe4 Rxe4 18. Ka1 Qf6 19. Qb2 a5 20. Ne5 Qxf2
21. Rhf1 Qxe3 22. Nf4 Qxg3 23. Qd2 Qe3 24. Qxe3 Rxe3 25. Nxf7 Bg4 26. Rc1
Rf8 27. Ne5 Nd7 28. Nxg4 Re4 29. g3 g5 30. Nf2 Re3 31. N4d3 Rxg3 32. Rfe1
Nf6 33. Rxc6 Ne4 34. Nxe4 dxe4 35. Nc1 e3 36. Rxh6 Rff3 37. d5 Rf5 38. Re6
Rxd5 39. R6xe3 Rxe3 40. Rxe3 Kf7 41. Kb2 Kf6 42. Nd3 Kf5 43. Kc2 b4 44. Kd2
g4 45. Re8 g3 46. Rg8 Ke4 47. Rxg3 Kd4 48. Rg4# {Black checkmated} 1-0

[Event "ICC tourney 1941 (7 2)"]
[Site "Internet Chess Club"]
[Date "2020.07.31"]
[Round "2"]
[White "Rohith-p"]
[Black "justinchess"]
[Result "0-1"]
[ICCResult "White checkmated"]
[WhiteElo "1757"]
[BlackElo "2180"]
[Opening "Caro-Kann: two knights variation"]
[ECO "B11"]
[NIC "CK.01"]
[Time "19:46:30"]
[TimeControl "420+2"]

1. e4 c6 2. Nc3 d5 3. Nf3 Nf6 4. e5 Ne4 5. Ne2 Qb6 6. d4 e6 7. Nfg1 f6 8. f3
Ng5 9. h4 Nf7 10. exf6 gxf6 11. c3 c5 12. Nh3 Nc6 13. Rb1 cxd4 14. cxd4 Bd7
15. Nhf4 O-O-O 16. g3 Kb8 17. Bh3 e5 18. Ne6 Re8 19. Nxf8 Bxh3 20. Rxh3
Rhxf8 21. Kf1 exd4 22. Bf4+ Nfe5 23. b4 Ka8 24. b5 d3 25. Nc3 Nd4 26. Bxe5
fxe5 27. Nxd5 Qc5 28. Nb4 Rxf3+ 29. Kg2 e4 30. b6 Nc2 31. Nxc2 dxc2 32. Qd7
Qf2+ 33. Kh1 cxb1=Q+ 34. Qd1 Qxd1# {White checkmated} 0-1

[Event "ICC tourney 1941 (7 2)"]
[Site "Internet Chess Club"]
[Date "2020.07.31"]
[Round "2"]
[White "caracal"]
[Black "steinutz"]
[Result "0-1"]
[ICCResult "White forfeits on time"]
[WhiteElo "1350"]
[BlackElo "1535"]
[Opening "King's Indian: orthodox, Aronin-Taimanov, Benkö attack"]
[ECO "E99"]
[NIC "KI.02"]
[Time "19:46:30"]
[TimeControl "420+2"]

1. d4 g6 2. c4 Bg7 3. e4 d6 4. Nc3 Nf6 5. Nf3 O-O 6. Be2 Nc6 7. O-O e5 8. d5
Ne7 9. Ne1 Nd7 10. f3 f5 11. g4 f4 12. h4 a5 13. a3 Nc5 14. Bd2 a4 15. Nd3
Nb3 16. Rb1 Bd7 17. Be1 b6 18. Bf2 Bf6 19. Kg2 Rf7 20. Rh1 Nc8 21. h5 gxh5
22. Rxh5 Rg7 23. Qh1 Be8 24. Rh6 Bg5 25. Bh4 Nd2 26. Rd1 Nxc4 27. Bxg5 Ne3+
28. Kg1 Qxg5 29. Rd2 Na7 30. Nd1 Nc4 31. Rc2 Na5 32. N1f2 Nb5 33. Nc1 Nd4
34. Rd2 Rb8 35. Rh2 b5 36. Nh3 Qh4 37. Nf2 Qe7 38. Nh3 b4 39. Nxf4 Ndb3
{White forfeits on time}
0-1

[Event "ICC tourney 1941 (7 2)"]
[Site "Internet Chess Club"]
[Date "2020.07.31"]
[Round "2"]
[White "playtowin2020"]
[Black "AccuratePotato"]
[Result "1-0"]
[ICCResult "Black forfeits on time"]
[WhiteElo "1602"]
[BlackElo "1341"]
[Opening "Sicilian: closed"]
[ECO "B23"]
[NIC "SI.44"]
[Time "19:46:25"]
[TimeControl "420+2"]

1. e4 c5 2. Nc3 d6 3. f4 Nc6 4. Bb5 Bd7 5. Nf3 g6 6. O-O Bg7 7. d3 e6 8. Re1
Nge7 9. Be3 O-O 10. Bf2 Nd4 11. Bxd7 Qxd7 12. e5 Nef5 13. Ne4 dxe5 14. Nxc5
Qc7 15. Nxd4 Nxd4 16. Bxd4 exd4 17. Ne4 Rac8 18. Rc1 Qxf4 19. Qd2 Qxd2 20.
Nxd2 Bh6 21. Re2 Rc6 22. c4 dxc3 23. Rxc3 Rxc3 24. bxc3 Rd8 25. d4 e5 26.
Nf3 exd4 27. cxd4 Bg7 28. Rd2 Rd5 29. Kf2 Bf6 30. g4 h6 31. h4 g5 32. h5 Kg7
33. Ke3 Be7 34. Ke4 Rd8 35. Ne5 Bb4 36. Rc2 Bd6 37. Nd3 Bf4 38. Nxf4 gxf4
39. Rd2 {Black forfeits on time} 1-0